 Dungeon Crawl Stone Soup version 0.29.1-13-g9f3cf754e1 (webtiles) character file.

Game seed: 11858097392122796732

81 shadowmeld the Insei (level 4, -1/32 HPs)
             Began as a Djinni Transmuter on Jan 29, 2023.
             Slain by a goblin
             ... wielding a +0 dagger
             ... led by Robin
              (3 damage)
             ... on level 2 of the Dungeon.
             The game lasted 00:07:07 (1953 turns).

shadowmeld the Insei (Djinni Transmuter)            Turns: 1953, Time: 00:07:08

Health: -1/32      AC:  3    Str:  9    XL:     4   Next: 67%
Gold:   85         EV: 12    Int: 17    God:
                   SH:  0    Dex: 13

rFire   + + .      SeeInvis .     - Unarmed
rCold   x . .      Faith    .   (no shield)
rNeg    . . .      Spirit   .   c - +0 leather armour
rPois   ∞          Reflect  .   (helmet currently unavailable)
rElec   .          Harm     .   (no cloak)
rCorr   .          Rampage  .   (no gloves)
Will    .....                   (boots unavailable)
Stlth   +.........              (no amulet)
HPRegen 0.10/turn               (no ring)
MPRegen 0.00/turn               (no ring)

@: appendages (expiring), flying
A: horns 2, flying, sickness immunity, fire resistance 2, cold vulnerability 1,
float, innate caster, HP casting, extra vitality 1
a: End Transformation


You were on level 2 of the Dungeon.
You had temporarily grown beastly horns.
You visited 1 branch of the dungeon, and saw 2 of its levels.

You collected 85 gold pieces.

Inventory:

Missiles
 e - 6 poisoned darts
Armour
 c - a +0 leather armour (worn)
 i - a +0 hat (melded)
Scrolls
 a - 2 scrolls of identify
 d - a scroll of enchant weapon
 g - a scroll of brand weapon


   Skills:
 * Level 1.6 Fighting
 * Level 1.5 Armour
 * Level 2.8 Dodging
 + Level 3.6 Unarmed Combat
 * Level 2.1 Spellcasting


You couldn't memorise any spells.
You knew the following spells:

 Your Spells              Type           Power      Damage    Failure   Level
a - Beastly Appendage     Tmut           18%        N/A       11%         1
b - Wereblood             Tmut           9%         N/A       16%         2
c - Spider Form           Tmut/Pois      9%         N/A       32%         3
d - Ice Form              Ice/Tmut       9%         N/A       71%         4
e - Summon Small Mammal   Summ           36%        N/A       11%         1
Your spell library was empty.

Dungeon Overview and Level Annotations

Branches:
Dungeon (2/15)

Altars:


Innate Abilities, Weirdness & Mutations

You have temporarily grown beastly horns.
You are flying.
You are immune to sickness and miasma.
You are immune to poison.
Your flesh is very heat resistant. (rF++)
You are vulnerable to cold. (rC-)
You float through the air rather than walking.
You learn spells naturally, not from books.
Your magical power is your life essence.
You have superior vitality. (+4 MHP)


Message History

Robin hits you with a +0 dagger.
You hit Robin.
Robin is moderately wounded.
The goblin no longer looks unusually strong.
Robin throws the goblin at you!
You barely miss Robin. You headbutt Robin!
Robin is severely wounded.
The goblin misses you.
Robin roars a battlecry!
The goblin goes into a battle-frenzy!
You hit the goblin.
You kill the goblin!
The hobgoblin no longer looks unusually strong.
Robin roars a battlecry!
The hobgoblin goes into a battle-frenzy!
You hit Robin.
Robin is almost dead.
Robin throws the goblin at you! The goblin hits you with a +0 dagger.
You closely miss the goblin.
Your transformation is almost over.
Robin hits you but does no damage. The goblin hits you with a +0 dagger.
* * * LOW HITPOINT WARNING * * *
You closely miss the goblin. Robin hits you with a +0 dagger.
* * * LOW HITPOINT WARNING * * *
The goblin barely misses you.
You barely miss Robin.
Robin is almost dead.
Robin hits you but does no damage. The goblin hits you with a +0 dagger.
* * * LOW HITPOINT WARNING * * *
You hit Robin.
You kill Robin!
The goblin hits you with a +0 dagger.
* * * LOW HITPOINT WARNING * * *
You closely miss the goblin. Your punch misses the goblin.
You barely miss the goblin. The goblin closely misses you.
The hobgoblin completely misses you.
You barely miss the goblin.
The goblin no longer looks unusually strong.
The goblin hits you with a +0 dagger.
You die...

g. #.# # ##g #.# #
#.. #.# # .####.. #.#
##########
#......#####.#
#.........
#...)...####.########
###))................
...#
##g#######.####....
#..# #@# #.# ##...#
#..# #g# #.###.....
####..# #.#
#.##...... .....)#
#.# #.##......
.###.## #..
..##...... .# #.# ###
#####...[. .# #[#
##...# .###)#
#########
########...# .##..##
#.......#
#...........


You could see a hobgoblin (strong) and a goblin.

Vanquished Creatures
  Robin (D:2)
  A gnoll (D:1)
  An adder (D:2)
  2 dart slugs (D:1)
  4 orcs (D:2)
  An endoplasm (D:2)
  2 giant cockroaches (D:1)
  7 goblins
  9 hobgoblins
  2 quokkas
  4 ball pythons
  A bat (D:1)
  6 rats
41 creatures vanquished.

Notes
Turn   | Place    | Note
-------+----------+-------------------------------------------
     0 | D:1      | shadowmeld the Djinni Transmuter began the quest for the
                  | Orb.
     0 | D:1      | shadowmeld set off with the following spells memorised:
                  | Beastly Appendage, Wereblood, Spider Form, Ice Form.
     0 | D:1      | Reached XP level 1. HP: 17/17 MP: 0/0
   158 | D:1      | Noticed a great orb of eyes
   161 | D:1      | Found a faded altar of an unknown god.
   390 | D:1      | Reached XP level 2. HP: 12/22 MP: 0/0
   739 | D:1      | Noticed a shining eye
   761 | D:1      | Noticed a floating eye
   761 | D:1      | Noticed a great orb of eyes
   888 | D:1      | Reached XP level 3. HP: 19/27 MP: 0/0
   888 | D:1      | Learned a level 1 spell: Summon Small Mammal
  1568 | D:2      | Reached skill level 1 in Armour
  1610 | D:2      | Reached XP level 4. HP: 22/32 MP: 0/0
  1844 | D:2      | Identified the +1 leather armour of Dogmatism {+Inv rC+}
  1902 | D:2      | Noticed Robin
  1950 | D:2      | Killed Robin
  1953 | D:2      | Slain by a goblin

Illustrated notes

Levels and vault maps discovered:
D:1:      scummos_arrival_forest, layout_basic,
          hellmonk_ecumenical_altar_watching_god
D:2:      layout_loops_ring, uniq_robin

Skill      XL: |  1  2  3 |
---------------+----------+-----
Spellcasting   | 2 |  2.1
Armour         | 1 |  1.5
Fighting       | |  1.6
Dodging        | |  2.8
Unarmed Combat | |  3.6

Action                   |  1- 3 |  4- 6 || total
-------------------------+-------+-------++-------
Melee: Unarmed           |    91 |    53 ||   144
       Headbutt          |    13 |     6 ||    19
       Punch             |     1 |       ||     1
 Cast: Beastly Appendage |    17 |     4 ||    21
       Summon Small Mamm |     1 |       ||     1
  Use: Scroll            |     3 |     1 ||     4
       Potion            |     1 |     3 ||     4
Armor: Leather armour    |    15 |    11 ||    26
       Skin              |     4 |    22 ||    26
Dodge: Dodged            |    42 |    27 ||    69
